 Dungeon Crawl Stone Soup version 0.20-a0-891-ga2611f4 (webtiles) character file.

41961 RKaid the Brawler (level 13, -3/136 HPs)
             Began as a Troll Monk on Mar 16, 2017.
             Was a High Priest of Yredelemnul.
             Slain by a wolf (5 damage)
             ... while paralysed by a hornet
             ... on level 5 of the Lair of Beasts.
             The game lasted 00:47:31 (15104 turns).

RKaid the Brawler (Troll Monk)                     Turns: 15104, Time: 00:47:32

Health: -3/136     AC: 17    Str: 26    XL:     13   Next: 82%
Magic:  19/19      EV:  1    Int:  6    God:    Yredelemnul [*****.]
Gold:   1147       SH:  0    Dex: 12    Spells: 12/12 levels left

rFire    . . .     SeeInvis .     - Unarmed
rCold    . . .     Gourm    +   n - +1 pearl dragon scales {rN+}
rNeg     + + .     Faith    .   (no shield)
rPois    .         Spirit   .   y - +2 hat
rElec    .         Reflect  +   V - +0 cloak
rCorr    .         Harm     .   (gloves unavailable)
MR       .....                  (boots unavailable)
Stlth    +.........             r - +4 amulet of reflection
Regen    0.8/turn               H - ring of positive energy {rN+}
MPRegen  0.2/turn               f - ring of stealth {Stlth+}

@: paralysed, lethally poisoned (-3 -> -16), slowed
A: unfitting armour, claws 3, fast metabolism 3, gourmand, regeneration 1,
shaggy fur 1, tough skin 2
a: Recall Undead Slaves, Injury Mirror, Animate Dead, Drain Life, Enslave Soul,
Renounce Religion


You were on level 5 of the Lair of Beasts.
You worshipped Yredelemnul.
Yredelemnul was extremely pleased with you.
You were very full.

You visited 3 branches of the dungeon, and saw 19 of its levels.
You also visited: Ice Cave.

You collected 1237 gold pieces.
You spent 90 gold pieces at shops.

Inventory:

Armour
 n - +1 pearl dragon scales (worn) {rN+}
   (You found it on level 3 of the Dungeon)
 y - a +2 hat (worn)
   (You found it on level 4 of the Dungeon)
 M - a +0 troll leather armour {regen}
   (You found it on level 10 of the Dungeon)
 V - a +0 cloak (worn)
   (You took it off Maurice on level 11 of the Dungeon)
Jewellery
 a - an uncursed amulet of regeneration {+regen}
   (You found it on level 6 of the Dungeon)
 f - a ring of stealth (left claw) {Stlth+}
   (You found it on level 7 of the Dungeon)
 r - a +4 amulet of reflection (around neck)
   (You found it on level 4 of the Lair of Beasts)
 C - an uncursed amulet of rage {+Rage}
   (You found it on level 5 of the Dungeon)
 H - a ring of positive energy (right claw) {rN+}
   (You found it on level 9 of the Dungeon)
Wands
 u - a wand of acid (6/15)
   (You found it on level 2 of the Lair of Beasts)
 B - a wand of scattershot (2/9)
   (You found it on level 9 of the Dungeon)
 D - a wand of iceblast (12/15)
   (You found it on level 4 of the Lair of Beasts)
 I - a wand of lightning (6/15)
   (You found it on level 10 of the Dungeon)
 R - a wand of flame (20/48)
   (You took it off a big kobold on level 10 of the Dungeon)
 X - a wand of disintegration (6/24)
   (You found it on level 12 of the Dungeon)
Scrolls
 h - 11 scrolls of teleportation
 i - 4 scrolls of identify
 q - a scroll of fog
 s - 5 scrolls of recharging
 v - 9 scrolls of blinking {!r}
 E - a scroll of fear
 P - 8 scrolls of remove curse
 T - a scroll of amnesia
 W - 2 scrolls of enchant armour
Potions
 d - 8 potions of heal wounds
 g - 4 potions of lignification {!q}
 j - 12 potions of curing
 k - 3 potions of ambrosia
 l - 7 potions of haste
 p - 2 potions of mutation {!q}
 t - 4 potions of berserk rage {!q}
 w - 7 potions of might
 x - 3 potions of resistance
 z - a potion of agility
 A - 4 potions of invisibility
 G - a potion of brilliance
 K - 2 potions of magic
 L - a potion of cancellation
 S - a potion of flight
Miscellaneous
 m - a fan of gales
   (You found it on level 3 of the Lair of Beasts)
 F - a lightning rod (4/4)
   (You found it in an ice cave)
 O - 2 phantom mirrors
Comestibles
 b - 8 bread rations
 c - 12 meat rations
 e - 16 fruits
 o - 8 royal jellies


   Skills:
 + Level 10.8 Fighting
 - Level 2.4 Dodging
 - Level 1.0 Stealth
 * Level 16.7 Unarmed Combat
 - Level 10.5 Invocations


You had 12 spell levels left.
You didn't know any spells.

Dungeon Overview and Level Annotations

Branches:
Dungeon (12/15)            Temple (1/1) D:7            Lair (6/6) D:9
 Shoals (0/4) Lair:3        Snake (0/4) Lair:4        Slime (0/5) Lair:6
    Orc (0/2) D:11

Altars:
Ashenzari
Cheibriados
Dithmenos
Elyvilon
Fedhas
Gozag
Hepliaklqana
Kikubaaqudgha
Makhleb
Nemelex Xobeh
Okawaru
Qazlal
Ru
Sif Muna
Trog
Uskayaw
Vehumet
Wu Jian
Xom
Yredelemnul
Zin
The Shining One

Shops:
D:8 }!::   D:9 =

Annotations:
D:11 Erolcha
D:12 1 runed door
Lair:4 exclusion: 4 oklob plants


Innate Abilities, Weirdness & Mutations

You are too large for most types of armour.
You have claws for hands.
Your metabolism is lightning-fast.
You like to eat raw meat.
Your natural rate of healing is unusually fast.
You are covered in fur. (AC +1)
You have very tough skin. (AC +2)


Message History

You kill the wolf!
Yredelemnul accepts your kill. You block the spriggan rider's attack.
You feel sick.
The spriggan rider hits you from afar with a spear.
The spriggan rider hits you but does no damage.
You feel sick. The wolf bites you but does no damage. The wolf bites you.
The wolf bites you but does no damage.
You feel sick.
You are no longer poisoned.
The wolf barely misses you. The wolf completely misses you.
The spriggan rider hits you from afar with a spear.
The wolf bites you. The wolf bites you but does no damage.
The wolf bites you but does no damage. x2
The wolf closely misses you. x2
The boggart mumbles some strange words.
The boggart flickers and vanishes!
Deactivating autopickup; reactivate with Ctrl-A.
The hornet stings the plant!
The wolf bites you. The hornet stings you.
You are poisoned.
You suddenly lose the ability to move!
The spriggan rider hits you from afar with a spear!
You can move again.
You feel sick. The wolf bites you but does no damage. The hornet stings you.
You are more poisoned.
You feel yourself slow down.
You feel very sick. The wolf bites you.
The spriggan rider hits you from afar with a spear!
The hornet barely misses you.
You feel yourself speed up.
You feel sick.
The hornet stings you but does no damage. x2
The wolf misses you.
There is a stone staircase leading up here.
You feel sick.
The hornet barely misses you. x2; The wolf bites you.
The spriggan rider closely misses you. The hornet stings you.
You are more poisoned.
You feel yourself slow down.
The hornet stings you but does no damage.
The wolf barely misses you.
The hornet stings you but does no damage.
You climb upwards.
You feel very sick.
There is a stone staircase leading down here.
You feel better. The hornet barely misses you. You block the wolf's attack.
The hornet stings you!
You feel as though you will be slow longer.
The hornet stings you!
You feel as though you will be slow longer.
The wolf barely misses you. The hornet barely misses you.
You scratch the hornet but do no damage.
The wolf bites you but does no damage. The hornet barely misses you.
The hornet stings you!
You feel as though you will be slow longer.
The wolf bites you.
The hornet stings you but does no damage.
You scratch the hornet. You claw the hornet. The hornet stings you!
* * * LOW HITPOINT WARNING * * *
You are poisoned.
You feel as though you will be slow longer.
The wolf bites you.
* * * LOW HITPOINT WARNING * * *
The hornet stings you.
* * * LOW HITPOINT WARNING * * *
You suddenly lose the ability to move!
The hornet stings you.
* * * LOW HITPOINT WARNING * * *
You are more poisoned.
You feel as though you will be slow longer.
You feel sick. The wolf bites you but does no damage.
The hornet stings you but does no damage.
The hornet stings you!
* * * LOW HITPOINT WARNING * * *
You are more poisoned.
You feel as though you will be slow longer.
The wolf bites you.
* * * LOW HITPOINT WARNING * * *
The hornet stings you but does no damage.
You feel sick. The wolf bites you but does no damage.
The hornet stings you but does no damage.
The hornet stings you.
* * * LOW HITPOINT WARNING * * *
You are lethally poisoned!
You feel as though you will be slow longer.
The wolf bites you but does no damage.
The hornet stings you but does no damage.
* * * LOW HITPOINT WARNING * * *
You feel sick.
The hornet stings you but does no damage.
The wolf bites you.
* * * LOW HITPOINT WARNING * * *
The hornet stings you but does no damage.
The hornet stings you!
* * * LOW HITPOINT WARNING * * *
You feel as though you will be slow longer.
The wolf bites you.
You die...
Your body rises from the dead as a mindless zombie.

...# ##Z##......# ..P####
####....#.# ......# #.#....###
....#.# ##(#...#.# .....###
###.....# ...ZZ..## ##...##
........## #####..# .........##
#y.h#..# ......#..P# #.@.#ZZ##
......##Z.## #..y##..##
......#P...# ##..##....#
...#.###...###...#..P.##
......###ZZ.##...#.#...##### ###
....⌠..###Z##...####...P.#.####P.
..#.....##.Z#...#..P.............
..#.#....###....#z...ZZ..........
.....##.......##.ZZZZ............


You could see 2 hornets and a wolf.

Vanquished Creatures
  4 hydras
  A catoblepas (Lair:3)
  3 death yaks (D:9)
  A death knight (D:10)
  2 two-headed ogres
  A tengu warrior (D:10)
  The ghost of RKaid the Grappler, a novice TrMo of Yredelemnul (D:7)
  An unseen horror (D:11)
  6 wizards (D:10)
  Pikel (D:6)
  3 ugly things
  A merfolk siren (Lair:3)
  6 elephants (Lair:5)
  A centaur zombie (D:11)
  3 ice statues (IceCv)
  5 spiny frogs
  A gargoyle (D:11)
  A rime drake (Lair:4)
  4 komodo dragons
  A queen bee (D:10)
  2 trolls
  A blink frog (Lair:4)
  7 hippogriffs
  A spriggan (Lair:6)
  3 wyverns
  Sigmund (D:6)
  A vampire (D:11)
  22 yaks
  The ghost of Denreik the Skirmisher, an amateur FoCK of Xom (D:10)
  A basilisk (Lair:2)
  A human (D:2)
  Grum (D:10)
  Menkaure (D:6)
  2 wargs (D:11)
  A naga (Lair:4)
  A water moccasin (Lair:5)
  7 porcupines
  9 orc warriors
  9 ice beasts
  2 necrophages
  A phantom (D:8)
  A sky beast (D:7)
  A black bear (D:7)
  2 ogres
  17 wolves
  A boggart (Lair:6)
  2 centaurs
  8 crocodiles
  Blork the orc (D:5)
  3 big kobolds
  11 bullfrogs
  2 scorpions
  16 killer bees
  4 howler monkeys
  7 crimson imps
  A bullfrog zombie (D:11)
  4 jellies
  2 orc priests
  8 orc wizards
  3 centaur skeletons
  3 bullfrog skeletons
  A hound (D:6)
  Ijyb (D:2)
  11 worker ants
  A hell rat (D:9)
  A hound skeleton (D:4)
  2 worker ant zombies
  7 gnolls (D:3)
  7 adders
  An ooze (D:3)
  An adder skeleton (D:8)
  A dart slug (D:3)
  3 worms (D:3)
  2 leopard geckos
  39 orcs
  7 giant cockroaches
  4 hobgoblins
  5 jackals
  5 quokkas
  3 ball pythons
  4 bats
  4 frilled lizards
  6 goblins
  2 jackal skeletons (D:7)
  19 kobolds
  A leopard gecko skeleton (D:5)
  7 rats
364 creatures vanquished.

Vanquished Creatures (collateral kills)
  The ghost of Mulkerokala the Carver, a journeyman OpWr of Dithmenos (D:9)
  3 hydras
  A two-headed ogre (D:10)
  3 wizards (D:10)
  2 elephants (Lair:5)
  A black mamba (Lair:2)
  Maurice (D:11)
  A spiny frog (Lair:2)
  A rime drake (Lair:2)
  A troll (D:11)
  A hornet (Lair:6)
  A hippogriff (D:11)
  A slime creature (D:11)
  A basilisk (Lair:3)
  3 yaks
  2 water moccasins
  A wolf (Lair:1)
  2 crocodiles (Lair:5)
  3 bullfrogs
  11 killer bees (D:11)
  A jelly (D:11)
  A centaur skeleton (D:11)
  An orc wizard (D:11)
  A worker ant (D:11)
  A worker ant zombie (D:11)
  3 adders
  2 orcs
  2 kobolds (D:10)
  4 fungi
  2 plants
59 creatures vanquished.

Vanquished Creatures (others)
  A ghoul (D:1)
  A minotaur (D:1)
  A draconian (D:1)
  2 trolls (D:1)
  3 flying skulls
  A formicid (D:1)
  3 vampires
  2 wraiths (D:11)
  A human (D:1)
  A two-headed ogre zombie (D:10)
  A dwarf (D:1)
  An ogre (D:1)
  2 centaurs (D:1)
  A hippogriff zombie (Lair:3)
  2 warg zombies (D:11)
  A killer bee (D:11)
  2 yak zombies (D:10)
  2 wights
  4 wolf zombies
  A bullfrog zombie (Lair:5)
  An orc priest (D:6)
  A worker ant (D:6)
  9 killer bee zombies (D:11)
  2 crocodile zombies (Lair:6)
  A mummy (D:1)
  A worker ant zombie (D:11)
  A howler monkey zombie (D:11)
  A gnoll zombie (D:10)
  An adder zombie (D:11)
  An orc (D:6)
  A kobold (D:1)
  3 orc zombies
  A quokka zombie (D:9)
  8 fungi (D:6)
  2 plants (Lair:4)
  10 tentacles (D:1)
77 creatures vanquished.

Grand Total: 500 creatures vanquished

Notes
Turn   | Place    | Note
-------+----------+-------------------------------------------
     0 | D:1      | RKaid the Troll Monk began the quest for the Orb.
     0 | D:1      | Reached XP level 1. HP: 22/22 MP: 0/0
     2 | D:1      | Noticed a formicid
     2 | D:1      | Noticed a human
     2 | D:1      | Noticed a troll
     2 | D:1      | Noticed a troll
     2 | D:1      | Noticed an ogre
     2 | D:1      | Noticed a vampire
     2 | D:1      | Noticed a kraken
     2 | D:1      | Noticed a minotaur
     2 | D:1      | Noticed a draconian
     2 | D:1      | Noticed a centaur
     2 | D:1      | Noticed a centaur
     2 | D:1      | Noticed a ghoul
     2 | D:1      | Noticed a vampire
     2 | D:1      | Noticed a dwarf
     4 | D:1      | Killed a formicid
     5 | D:1      | Killed a draconian
     5 | D:1      | Killed a vampire
     5 | D:1      | Killed a human
     5 | D:1      | Killed a centaur
     6 | D:1      | Killed a troll
     8 | D:1      | Killed a ghoul
     8 | D:1      | Killed a troll
    10 | D:1      | Killed a minotaur
    10 | D:1      | Killed a vampire
    12 | D:1      | Killed a dwarf
    15 | D:1      | Killed a centaur
    16 | D:1      | Killed an ogre
   197 | D:1      | Reached XP level 2. HP: 29/29 MP: 1/1
   488 | D:2      | Noticed Ijyb
   512 | D:2      | Killed Ijyb
   512 | D:2      | Reached skill level 3 in Fighting
   512 | D:2      | Reached XP level 3. HP: 31/37 MP: 2/2
   530 | D:2      | Noticed a human
   531 | D:2      | Found a runed door.
   535 | D:2      | Found a basalt altar of Yredelemnul.
   675 | D:2      | Reached skill level 4 in Unarmed Combat
   726 | D:2      | You fall through a shaft!
   726 | D:3      | Found a sacrificial altar of Ru.
   726 | D:3      | Found a shadowy altar of Dithmenos.
   726 | D:3      | Found a hide-covered altar of Uskayaw.
   776 | D:3      | Reached XP level 4. HP: 38/45 MP: 3/3
   991 | D:3      | Reached XP level 5. HP: 53/53 MP: 4/4
  1050 | D:3      | Reached skill level 5 in Unarmed Combat
  1676 | D:2      | Found a bloodstained altar of Trog.
  1757 | D:2      | Killed a human
  1757 | D:2      | Reached skill level 4 in Fighting
  1757 | D:2      | Reached skill level 6 in Unarmed Combat
  1757 | D:2      | Reached XP level 6. HP: 62/62 MP: 5/5
  1769 | D:2      | Became a worshipper of Yredelemnul the Dark
  1769 | D:2      | Reached * piety under Yredelemnul
  1769 | D:2      | Reached ** piety under Yredelemnul
  2024 | D:4      | Reached skill level 1 in Invocations
  2091 | D:4      | Reached XP level 7. HP: 65/71 MP: 5/7
  2385 | D:5      | Entered Level 5 of the Dungeon
  2459 | D:5      | Noticed Blork the orc
  2484 | D:5      | Killed Blork the orc
  2549 | D:5      | Reached skill level 7 in Unarmed Combat
  2549 | D:5      | Reached skill level 2 in Invocations
  2921 | D:5      | Reached XP level 8. HP: 35/79 MP: 7/9
  3221 | D:6      | Noticed Sigmund
  3224 | D:6      | Reached skill level 5 in Fighting
  3224 | D:6      | Reached skill level 3 in Invocations
  3231 | D:6      | Killed Sigmund
  3231 | D:6      | Reached skill level 8 in Unarmed Combat
  3359 | D:6      | Noticed Pikel
  3368 | D:6      | Killed Pikel
  3368 | D:6      | Reached skill level 9 in Unarmed Combat
  3368 | D:6      | Reached skill level 4 in Invocations
  3680 | D:7      | Reached XP level 9. HP: 88/89 MP: 11/11
  3691 | D:7      | Noticed RKaid's ghost (novice TrMo)
  4038 | D:7      | Reached *** piety under Yredelemnul
  4331 | D:7      | Reached skill level 6 in Fighting
  4439 | D:7      | Noticed Menkaure
  4501 | D:7      | Identified Omner's Volume of Heat
  4618 | D:6      | Killed Menkaure
  4618 | D:6      | Reached skill level 10 in Unarmed Combat
  4982 | D:7      | Killed RKaid's ghost
  4982 | D:7      | Reached skill level 5 in Invocations
  5114 | D:7      | Found a staircase to the Ecumenical Temple.
  5366 | Temple   | Entered the Ecumenical Temple
  5588 | D:8      | Found Coniti's Distillery.
  5631 | D:8      | Found an ornate altar of the Wu Jian Council.
  5644 | D:8      | Reached XP level 10. HP: 100/100 MP: 13/13
  5646 | D:8      | Bought a potion of degeneration for 10 gold pieces
  5646 | D:8      | Bought a potion of heal wounds for 50 gold pieces
  5652 | D:8      | Found Qurargh's Book Emporium.
  5653 | D:8      | Found Xophebex's Book Emporium.
  5693 | D:8      | Noticed a two-headed ogre
  5812 | D:8      | Reached skill level 11 in Unarmed Combat
  5908 | D:8      | Killed a two-headed ogre
  5908 | D:8      | Reached **** piety under Yredelemnul
  5908 | D:8      | Reached skill level 7 in Fighting
  5973 | D:8      | Reached skill level 6 in Invocations
  6023 | D:8      | Found Hacsymerch's Gadget Emporium.
  6146 | D:8      | Received a gift from Yredelemnul (a wight)
  6211 | D:8      | Found a snail-covered altar of Cheibriados.
  6265 | D:9      | Noticed Mulkerokala's ghost (journeyman OpWr)
  6266 | D:9      | Found Sorif's Jewellery Emporium.
  6274 | D:9      | Killed Mulkerokala's ghost
  6294 | D:9      | Bought a cursed amulet of inaccuracy for 30 gold pieces
  6476 | D:9      | Noticed a death yak
  6477 | D:9      | Noticed a death yak
  6478 | D:9      | Found a staircase to the Lair.
  6479 | D:9      | Noticed a death yak
  6497 | D:9      | Killed a death yak
  6497 | D:9      | Reached skill level 12 in Unarmed Combat
  6505 | D:9      | Killed a death yak
  6517 | D:9      | Killed a death yak
  6522 | D:9      | Reached XP level 11. HP: 50/111 MP: 8/15
  6791 | D:9      | Reached skill level 7 in Invocations
  6999 | D:10     | Entered Level 10 of the Dungeon
  6999 | D:10     | Noticed Grum
  7040 | D:10     | Noticed Denreik's ghost (amateur FoCK)
  7043 | D:10     | Reached skill level 8 in Fighting
  7048 | D:10     | Killed Grum
  7053 | D:10     | Killed Denreik's ghost
  7140 | D:10     | Noticed a wizard
  7145 | D:10     | Killed a wizard
  7153 | D:10     | Noticed a two-headed ogre
  7162 | D:10     | Killed a two-headed ogre
  7162 | D:10     | Reached skill level 13 in Unarmed Combat
  7183 | D:10     | Noticed a wizard
  7186 | D:10     | Killed a wizard
  7190 | D:10     | Noticed a wizard
  7202 | D:10     | Killed a wizard
  7223 | D:10     | Noticed a wizard
  7226 | D:10     | Killed a wizard
  7227 | D:10     | Noticed a wizard
  7236 | D:10     | Killed a wizard
  7287 | D:10     | Noticed a wizard
  7293 | D:10     | Killed a wizard
  7334 | D:10     | Noticed a two-headed ogre
  7345 | D:10     | Your ally Grum died
  7352 | D:10     | Killed a two-headed ogre
  7476 | D:10     | Reached skill level 8 in Invocations
  7661 | D:10     | Received a gift from Yredelemnul (a wight)
  7968 | D:10     | Noticed a wizard
  7974 | D:10     | Killed a wizard
  7983 | D:10     | Noticed a wizard
  7989 | D:10     | Killed a wizard
  8171 | D:11     | Noticed a purple ugly thing
  8172 | D:11     | Noticed a death knight
  8177 | D:11     | Killed a purple ugly thing
  8191 | D:11     | HP: 24/113 [??? (13)]
  8336 | D:10     | Killed a death knight
  8336 | D:10     | Reached skill level 9 in Fighting
  8336 | D:10     | Reached skill level 14 in Unarmed Combat
  8336 | D:10     | Reached XP level 12. HP: 56/123 MP: 17/17
  8601 | D:11     | Noticed Maurice
  8615 | D:11     | Killed Maurice
  8672 | D:11     | Found a staircase to the Orcish Mines.
  8692 | D:11     | Received a gift from Yredelemnul (a wraith)
  8870 | D:11     | Reached ***** piety under Yredelemnul
  8886 | D:11     | Received a gift from Yredelemnul (a wraith)
  8922 | D:11     | Noticed a tengu warrior
  8953 | D:11     | Noticed Erolcha
  9043 | D:10     | Killed a tengu warrior
  9061 | D:10     | Reached skill level 9 in Invocations
  9178 | D:10     | Received a gift from Yredelemnul (a vampire)
  9629 | D:11     | Reached skill level 15 in Unarmed Combat
  9771 | D:12     | Noticed an eight-headed hydra
  9784 | D:12     | Killed a 15-headed hydra
  9908 | D:12     | Found a runed door.
  9909 | D:12     | Noticed a catoblepas
  9911 | D:12     | Noticed a fire giant
  9998 | D:12     | Found a white marble altar of Elyvilon.
 10423 | D:12     | Received a gift from Yredelemnul (a vampire)
 10557 | Lair:1   | Entered Level 1 of the Lair of Beasts
 10624 | Lair:1   | Noticed an eight-headed hydra
 10632 | Lair:1   | Killed an eight-headed hydra
 11362 | Lair:2   | Noticed a seven-headed hydra
 11374 | Lair:2   | Killed a ten-headed hydra
 11374 | Lair:2   | Reached skill level 10 in Fighting
 11374 | Lair:2   | Reached XP level 13. HP: 108/133 MP: 19/19
 12425 | Lair:3   | Reached skill level 10 in Invocations
 12627 | Lair:3   | Found a staircase to the Shoals.
 12957 | Lair:4   | Reached skill level 16 in Unarmed Combat
 13051 | Lair:4   | Found a frozen archway.
 13069 | IceCv    | Entered an ice cave
 13819 | Lair:4   | Found a staircase to the Snake Pit.
 14240 | Lair:5   | Received a gift from Yredelemnul (3 flying skulls)
 14937 | Lair:6   | Entered Level 6 of the Lair of Beasts
 15013 | Lair:6   | Found a staircase to the Slime Pits.
 15093 | Lair:6   | Paralysed by a hornet for 1 turns
 15101 | Lair:5   | HP: 33/136 [hornet (10)]
 15101 | Lair:5   | Paralysed by a hornet for 3 turns
 15103 | Lair:5   | HP: 13/136 [hornet (4)]
 15104 | Lair:5   | HP: 2/136 [hornet (8)]
 15104 | Lair:5   | Slain by a wolf

Vault maps used:
D:1:      nicolae_arrival_kraken_aquarium_b
D:2:      lemuel_round_altar, corexii_leaking_fountain, dk_yredelemnul_ordeal,
          uniq_iyjb
D:3:      grunt_temple_overflow_open
D:5:      first_bread, kennysheep_small_circle, uniq_blork_the_orc
D:6:      serial_aquarium, aquarium_bridge_square, aquarium_bridge_long_joined,
          aquarium_window_1, aquarium_window_1, aquarium_view_2b,
          aquarium_view_2e, aquarium_pool_four, uniq_sigmund, uniq_pikel
D:7:      minmay_temple_entry_nine_rooms, uniq_menkaure
D:8:      nicolae_overflow_hidden_temple, serial_shops, kennysheep_mini, shop,
          shop, shop, serial_glass, glass_columns_c, glass_columns_a,
          minmay_strange_pillars, due_unseen_surprise, basic_altar
D:9:      dpeg_lair_monsters, serial_shops, nicolae_shop_statue_plus
D:10:     minmay_smoke_and_mirrors, blue_anna_alchemist, uniq_grum
D:11:     regret_index_combs_of_tragedy, david_orc_1_choice, serial_glass,
          glass_columns_b, glass_columns_a, uniq_erolcha, uniq_maurice
D:12:     basic_altar, kennysheep_treasure_room
Temple:   eino_temple_scatter_basement
Lair:3:   minmay_shoals_entry_lonely_mermaid, minivault_27, serial_bayou_shore_a
Lair:4:   guppyfry_snake_entry_garden, portal_ice_cave_entry_pillars_1,
          minmay_lair_oklob_chamber, serial_bayou_shore_b
Lair:5:   lemuel_fruit_fields, grunt_megastairs_4
Lair:6:   minmay_lair_end_enchanted_forest, slime_dummy
IceCv:    ice_cave_statue_garden_chambered

Skill      XL: |  1  2  3  4  5  6  7  8  9 10 11 12 13 |
---------------+----------------------------------------+-----
Fighting       | 3 4 5 6 7 9 10 | 10.8
Unarmed Combat | 4 6 7 9 10 12 14 15 16 | 16.7
Invocations    | 1 2 4 5 6 8 9 10 | 10.5
Dodging        | |  2.4
Stealth        | |  1.0

Action                   |  1- 3 |  4- 6 |  7- 9 | 10-12 | 13-15 || total
-------------------------+-------+-------+-------+-------+-------++-------
Melee: Unarmed           |    85 |   133 |   217 |   486 |   226 ||  1147
       Punch             |     2 |     4 |     5 |    42 |    24 ||    77
Invok: Animate Remains   |       |       |     1 |       |       ||     1
       Animate Dead      |       |       |     1 |    15 |     9 ||    25
       Drain Life        |       |       |       |     1 |       ||     1
       Recall Undead Sla |       |       |       |     1 |       ||     1
 Abil: Evoke Berserk Rag |       |       |     1 |       |       ||     1
Evoke: Wand              |       |       |     1 |     3 |     3 ||     7
  Use: Scroll            |       |       |    15 |    16 |     8 ||    39
       Potion            |       |       |       |       |     2 ||     2
 Stab: Sleeping          |     3 |       |       |       |       ||     3
       Distracted        |       |       |       |     3 |     2 ||     5
       Confused          |       |       |       |     1 |     1 ||     2
  Eat: Chunk             |    12 |    13 |    25 |    51 |    28 ||   129
       Fruit             |       |       |       |    10 |     8 ||    18
       Royal jelly       |       |       |       |     2 |     1 ||     3
Armor: Robe              |    26 |       |       |       |       ||    26
       Pearl dragon scal |     7 |    64 |   111 |   274 |   155 ||   611
Dodge: Dodged            |    41 |    48 |    81 |   141 |    89 ||   400
Block: Other             |       |       |    27 |    58 |    32 ||   117

Table legend:
 A = Turns spent in this place as a percentage of turns spent in the entire game.
 B = Non-inter-level travel turns spent in this place as a percentage of non-inter-level travel turns spent in the entire game.
 C = Inter-level travel turns spent in this place as a percentage of turns spent in this place.
 D = Turns resting spent in this place as a percentage of non-inter-level travel turns spent in this place.
 E = Turns spent auto-exploring this place as a percentage of non-inter-level travel turns spent in this place.
 F = Non-inter-level travel turns spent in this place divided by the number of levels of this place that you've seen.
                   A       B       C       D       E      F
               +-------+-------+-------+-------+-------+----------------------
         Total | 100.0 | 100.0 |   0.6 |   2.4 |  11.3 | 220.2
       Dungeon |  75.7 |  75.7 |   0.6 |   2.3 |  11.1 | 277.8
        Temple |   0.5 |   0.5 |   4.8 |   0.0 |  95.0 |  20.0
          Lair |  20.4 |  20.5 |   0.4 |   1.8 |  12.2 | 150.3
      Ice Cave |   3.4 |   3.4 |   0.0 |   6.7 |   0.0 | 149.0
               +-------+-------+-------+-------+-------+----------------------

Table legend:
 A = Kills in this place as a percentage of kills in entire the game.
 B = Kills by you in this place as a percentage of kills by you in the entire game.
 C = Kills by friends in this place as a percentage of kills by friends in the entire game.
 D = Other kills in this place as a percentage of other kills in the entire game.
 E = Experience gained in this place as a percentage of experience gained in the entire game.
 F = Experience gained in this place divided by the number of levels of this place that you have seen.
                   A       B       C       D       E      F
               +-------+-------+-------+-------+-------+----------------------
         Total | 100.0 | 100.0 | 100.0 | 100.0 | 100.0 | 2997.2
       Dungeon |  75.1 |  76.6 |  64.2 | 100.0 |  55.8 | 2787.5
          Lair |  22.2 |  20.3 |  35.8 |   0.0 |  38.8 | 3872.5
      Ice Cave |   2.6 |   3.0 |   0.0 |   0.0 |   5.4 | 3260.0
               +-------+-------+-------+-------+-------+----------------------
